Map: 네온 바이올렛 스퀘어 - 래더

Players

ROOTherO (herO) - Winner!

  • Race: Protoss Protoss
  • League: Grandmaster
  • Spawn Location: 5:00

llllllllllll (Maru)

  • Race: Terran Terran
  • League: Grandmaster
  • Spawn Location: 11:00

VOD

Have the link to the VOD?

Description

Time

  • Played on: Dec. 22, 2017, 5:10 a.m.
  • Length: 9:30
Show
View Real Time Build Order
Export as new Build Order

ROOTherO Protoss - Winner!

Build Orders: 1 Gate Expand, Oracle Opening, Pool First 

Get SALT Encoding   

  12  0:00  Probe  
  13  0:12  Probe  
  14  0:18  Pylon  
  14  0:25  Probe  
  15  0:37  Probe (Chrono Boost), Gateway  
  15  0:42  Assimilator  
  16  0:49  Probe (Chrono Boost)  
  17  0:54  Probe (Chrono Boost)  
  18  1:03  Probe  
  19  1:15  Probe  
  20  1:24  Nexus  
  20  1:34  Cybernetics Core  
  20  1:36  Probe  
  21  1:42  Assimilator  
  21  1:49  Probe  
  21  1:52  Pylon  
  22  2:01  Probe  
  23  2:09  Adept (Chrono Boost)  
  23  2:13  Probe  
  26  2:16  Stargate  
  26  2:25  Probe  
  26  2:28  Adept  
  29  2:34  Warp Gate  
  29  2:36  Probe (Chrono Boost)  
  30  2:37  Probe (Chrono Boost)  
  31  2:48  Probe (Chrono Boost)  
  31  2:49  Probe (Chrono Boost)  
  33  2:53  Probe (Chrono Boost)  
  33  2:54  Probe (Chrono Boost)  
  35  2:59  Oracle (Chrono Boost)  
  35  3:02  Probe  
  35  3:03  Probe  
  40  3:12  Pylon  
  40  3:14  Probe  
  40  3:15  Probe  
  42  3:28  Nexus  
  42  3:30  Probe x2  
  44  3:40  Gateway  
  44  3:43  Gateway  
  44  3:45  Probe x2  
  46  3:57  Probe x2  
  46  4:01  Oracle  
  51  4:04  Assimilator  
  51  4:05  Assimilator  
  51  4:09  Probe  
  53  4:10  Probe  
  53  4:12  Pylon  
  53  4:17  Fleet Beacon  
  53  4:19  Robotics Facility  
  53  4:22  Twilight Council  
  54  4:24  Probe (Chrono Boost)  
  54  4:30  Probe (Chrono Boost), Forge  
  55  4:36  Probe (Chrono Boost)  
  56  4:41  Probe (Chrono Boost)  
  56  4:44  Probe (Chrono Boost)  
  56  4:45  Probe (Chrono Boost)  
  59  4:50  Probe (Chrono Boost)  
  59  4:51  Probe (Chrono Boost)  
  62  4:53  Probe (Chrono Boost)  
  62  5:04  Protoss Ground Weapons Level 1 (Chrono Boost)  
  62  5:06  Probe x3, Warp Prism  
  65  5:11  Resonating Glaives  
  67  5:19  Gateway, Pylon  
  67  5:21  Gateway  
  67  5:22  Gateway  
  67  5:24  Probe x2  
  67  5:26  Probe  
  67  5:28  Gateway  
  70  5:30  Gateway  
  70  5:32  Adept x2  
  70  5:34  Adept  
  76  5:37  Pylon  
  76  5:39  Warp Prism (Chrono Boost)  
  78  5:46  Probe x3  
  78  5:49  Pylon  
  81  5:54  Adept x2  
  81  5:55  Adept  
  87  5:59  Pylon  
  87  6:09  Pylon  
  87  6:10  Pylon  
  87  6:21  Adept x2  
  87  6:22  Adept x5  
  87  6:23  Adept  
  103  6:27  Pylon  
  103  6:30  Templar Archives  
  103  6:40  Protoss Ground Armor Level 1 (Chrono Boost)  
  103  6:53  Adept  
  103  6:54  Adept x7  
  119  7:04  Pylon  
  119  7:14  Adept x7  
  119  7:15  Psionic Storm  
  133  7:17  Pylon  
  133  7:18  Pylon  
  101  7:44  Adept x7  
  101  7:45  Adept  
  101  7:48  Immortal  
  115  7:52  Probe x3  
  96  8:06  Probe x2  
  96  8:07  Probe  
  96  8:08  Adept x6  
  96  8:09  Adept x2  
  101  8:25  Immortal (Chrono Boost)  
  93  8:30  Nexus  
  93  8:35  Adept  
  93  8:36  Adept x7  
  103  8:58  Adept  
  103  8:59  Adept x7  
  97  9:19  Adept x8  
  107  9:26  Pylon x2  
Show
View Real Time Build Order
Export as new Build Order

llllllllllll Terran 

Build Orders: Reaper Expand, MMM Bio 

Get SALT Encoding   

  12  0:00  SCV  
  13  0:12  SCV  
  14  0:17  Supply Depot  
  14  0:25  SCV  
  15  0:39  SCV, Barracks  
  16  0:44  Refinery  
  16  0:51  SCV  
  17  1:03  SCV  
  18  1:15  SCV  
  19  1:27  Reaper  
  19  1:28  Orbital Command  
  20  1:41  Command Center  
  20  1:51  Supply Depot  
  20  1:53  SCV  
  21  1:59  Marine  
  22  2:06  SCV  
  23  2:18  SCV, Barracks Reactor  
  24  2:25  Command Center  
  24  2:33  SCV  
  25  2:37  Barracks  
  25  2:46  SCV  
  26  2:52  Orbital Command  
  26  2:54  Bunker  
  26  2:55  Marine  
  26  2:56  Marine  
  28  2:59  SCV  
  29  3:12  SCV, Barracks  
  30  3:15  Marine x2  
  30  3:19  SCV  
  33  3:26  Barracks Tech Lab  
  33  3:28  SCV, Engineering Bay  
  33  3:31  SCV  
  35  3:35  Marine x2  
  35  3:40  Orbital Command  
  36  3:44  Marine  
  36  3:46  Stimpack  
  36  3:48  SCV  
  38  3:49  SCV  
  38  3:56  Marine x2, Missile Turret  
  38  4:00  SCV  
  39  4:04  SCV  
  39  4:05  Barracks Tech Lab  
  39  4:10  Terran Infantry Weapons Level 1  
  39  4:11  Marine  
  39  4:12  SCV  
  39  4:14  Marine  
  42  4:18  SCV x2  
  44  4:25  Marine x2  
  44  4:26  Factory  
  44  4:28  Missile Turret  
  44  4:29  SCV  
  44  4:30  SCV x2  
  49  4:33  Supply Depot  
  49  4:36  Marine x2  
  51  4:40  Refinery  
  51  4:41  SCV  
  51  4:42  SCV  
  51  4:44  SCV  
  54  4:49  Marine, Combat Shields, Supply Depot  
  55  4:53  SCV  
  55  4:54  SCV, Marine  
  55  4:55  Marine, Refinery  
  55  4:58  SCV  
  60  5:01  Marine  
  60  5:05  SCV  
  59  5:07  Marine  
  59  5:09  SCV  
  59  5:12  Marine  
  61  5:15  SCV  
  61  5:17  SCV  
  61  5:19  Marine  
  61  5:20  Factory Reactor  
  61  5:21  Starport  
  64  5:22  SCV  
  64  5:25  Marine x2  
  64  5:27  SCV  
  64  5:28  Refinery  
  68  5:29  SCV  
  68  5:30  Marine  
  68  5:31  Supply Depot  
  68  5:34  SCV  
  71  5:37  Marine  
  72  5:42  Marine  
  72  5:43  SCV x2, Marine  
  72  5:47  SCV, Supply Depot  
  77  5:55  SCV  
  77  5:56  Marine  
  77  5:57  Marauder  
  81  5:59  Concussive Shells, Supply Depot  
  81  6:00  SCV x2  
  81  6:01  Marauder  
  81  6:02  Refinery x2  
  81  6:03  Supply Depot  
  85  6:05  Factory Reactor  
  85  6:08  SCV, Marine  
  87  6:12  SCV x2  
  87  6:13  Terran Infantry Armor Level 1  
  89  6:20  SCV, Marine, Marauder  
  89  6:21  Medivac  
  89  6:22  Marauder  
  89  6:24  SCV x2, Medivac  
  101  6:26  Marine  
  101  6:27  Supply Depot  
  101  6:31  Barracks  
  102  6:35  Barracks  
  102  6:42  Widow Mine x2  
  102  6:46  Marine  
  109  6:47  Marauder  
  109  6:51  Marauder, Medivac  
  109  6:53  SCV  
  109  6:54  SCV, Medivac  
  115  6:55  Supply Depot  
  115  7:01  Supply Depot x2  
  117  7:07  Missile Turret  
  117  7:09  Missile Turret  
  117  7:14  Engineering Bay  
  117  7:16  Starport, Armory  
  117  7:17  SCV, Widow Mine x2  
  122  7:23  Marine x2, Marauder  
  122  7:24  Marauder  
  122  7:29  Barracks Tech Lab  
  123  7:32  Barracks Reactor  
  113  7:40  SCV  
  113  7:41  Marine  
  107  7:45  Marauder x2  
  107  7:46  Marine  
  106  7:51  Marine  
  100  7:59  Marine  
  100  8:04  Marine  
  100  8:05  SCV x2  
  93  8:06  Marauder x2  
  93  8:09  Marauder  
  93  8:14  SCV  
  93  8:15  Marine  
  93  8:17  SCV, Marine  
  95  8:22  Marine x2  
  93  8:28  Marauder x2  
  93  8:30  SCV x2  
  93  8:31  Marauder  
  93  8:32  Marine  
  94  8:34  SCV, Marine  
  94  8:39  Marine  
  94  8:40  Marine  
  92  8:42  SCV  
  92  8:48  SCV x2, Marine x2  
  92  8:52  Marine x2  
  92  8:53  Marauder  
  89  8:59  Marine x2  
  81  9:07  Marauder  
  81  9:08  Marine  
  74  9:10  Marine  
  74  9:11  Marine  
  65  9:17  SCV  
Tags
 
Add a new tag
Caveats
  • Supply blocks, unpowered buildings, or Contaminate may cause inaccurate times.
  • Supply counts are checked every 10 seconds.